 Dungeon Crawl Stone Soup version 0.30-a0-377-g5cb311bc9f (webtiles) character file.

Game seed: 18268171170310350231

5 ratemal the Slasher (level 1, 13/13 (16) HPs)
             Began as a Human Reaver on Nov 24, 2022.
             Quit the game on level 1 of the Dungeon on Nov 27, 2022.
             The game lasted 00:06:55 (208 turns).

ratemal the Slasher (Human Reaver)                   Turns: 208, Time: 00:06:56

HP:   13/13 (16)    AC:  3    Str: 12    XL:     1   Next: 88%
MP:   3/3           EV: 11    Int: 13    God:
Gold: 0             SH:  0    Dex: 11    Spells: 3/4 levels left

rFire   . . .      SeeInvis .    a - +0 falchion
rCold   . . .      Faith    .    (no shield)
rNeg    . . .      Spirit   .    b - +0 leather armour
rPois   .          Reflect  .    (no helmet)
rElec   .          Harm     .    (no cloak)
rCorr   .          Rampage  .    (no gloves)
Will    .....                    (no boots)
Stlth   +.........               (no amulet)
HPRegen 0.22/turn                (no ring)
MPRegen 0.08/turn                (no ring)

@: heavily drained
A: no striking features
a: no special abilities


You were on level 1 of the Dungeon.
You visited 1 branch of the dungeon, and saw 1 of its levels.

Inventory:

Hand Weapons
 a - a +0 falchion (weapon)
Missiles
 c - 25 stones
Armour
 b - a +0 leather armour (worn)


   Skills:
 + Level 2.0 Fighting
 + Level 3.1 Long Blades
 + Level 2.0 Dodging
 + Level 2.0 Spellcasting
 + Level 3.1 Conjurations


You had 3 spell levels left.
You knew the following spells:

 Your Spells              Type           Power      Damage    Failure   Level
a - Kiss of Death         Conj/Necr      20%        2d7       17%         1

Your spell library contained the following spells:

 Spells                   Type           Power      Damage    Failure   Level
 Momentum Strike          Conj/Tloc      10%        3d8       26%         2
 Hailstorm                Conj/Ice       5%         3d4       45%         3


Dungeon Overview and Level Annotations

Branches:
Dungeon (1/15)

Altars:


Message History

You see here 7 stones.
You see here 5 stones.
You start waiting.
Done waiting.
c - 5 stones Unknown command.
There are no items here.
Press: ? - help, v - describe, . - travel Some lava.
Sorry, I don't know how to traverse that place.
Unknown command.
Unknown command.
c - 12 stones (gained 7)
There is an open door, spattered with blood here.
There is an open door here.
c - 25 stones (gained 13)
There is a large open door here.
Things that are here:
a hobgoblin corpse; a hobgoblin corpse You open the door.
There is an open door here.
You open the door.
There is an open door here.
A quokka comes into view.
A quokka is nearby!
Unknown command.
Press: ? - help, v - describe, . - travel
Here: a quokka The floor.
A quokka is nearby!
Press: ? - help, . - travel You can't see that place.
Welcome back, ratemal the Human Reaver.
Press ? for a list of commands and other information.
Welcome back, ratemal the Human Reaver.
Press ? for a list of commands and other information.
Unknown command.
Unknown command.
Unknown command.
Are you sure you want to abandon this character and quit the game? (Confirm with "yes".)

#'###### .##
8†8#### ######.#
......###..≈##.#
.......##..≈≈#.###
.......##...≈#.#.#
.<.....8'...≈+...#
.......'#...≈#.#.#
.......##..≈≈#.#.#
......###.§≈##.#@#
#8+8### #####.##.#
#+###### #.##..
.......# ##.##..r
§§..≈§§#
###.##+....
≈≈≈≈≈#####..##
#.....
#'#####...###
##.....
.......#### #.....
########


You could see a quokka.

Vanquished Creatures
  2 goblins (D:1)
  2 hobgoblins (D:1)
4 creatures vanquished.

Notes
Turn   | Place    | Note
-------+----------+-------------------------------------------
     0 | D:1      | ratemal the Human Reaver began the quest for the Orb.
     0 | D:1      | Reached XP level 1. HP: 16/16 MP: 3/3
   208 | D:1      | Upgraded the game from 0.30-a0-373-gd37427bb62 to
                  | 0.30-a0-377-g5cb311bc9f
   208 | D:1      | Quit the game

Illustrated notes

Levels and vault maps discovered:
D:1:      dpeg_arrival_morbid_curiosity, layout_loops_corners,
          nrook_mini_vaults, dreamdust_princess_corridor, minmay_hedge_maze,
          minmay_misc_feat_x

Action                   || total
-------------------------++-------
Melee: Falchion          ||     8
 Cast: Kiss of Death     ||     1
Armor: Leather armour    ||     2
Dodge: Dodged            ||     3

Table legend: (Time is in decaauts)
 A = Elapsed time spent in this place.
 B = Non-inter-level travel time spent in this place.
 C = Inter-level travel time spent in this place.
 D = Time resting spent in this place.
 E = Time spent auto-exploring this place.
 F = Levels seen in this place.
 G = Mean time per level.
                   A        B        C        D        E       F      G
               +--------+--------+--------+--------+--------+-----+--------+
         Total |    209 |    209 |      0 |    100 |     83 |   1 |  209.0 |
       Dungeon |    209 |    209 |      0 |    100 |     83 |   1 |  209.0 |
               +--------+--------+--------+--------+--------+-----+--------+

Top non-repeatable levels by time:
     D:1: 209 daAuts
